 Dungeon Crawl Stone Soup version 0.31.0-11-ge490571c62 (webtiles) character file.

Game seed: 6749321993026927063

606 qw the Shooter (level 7, 0/35 HPs)
             Began as a Spriggan Hunter on Feb 5, 2024.
             Was an Initiate of Okawaru.
             Incinerated by a bombardier beetle (4 damage)
             ... with a burning spray
             ... on level 5 of the Dungeon.
             The game lasted 00:03:18 (3759 turns).

qw the Shooter (Spriggan Hunter)                    Turns: 3759, Time: 00:03:18

Health: 0/35       AC:  2    Str:  7    XL:     7   Next: 19%
Magic:  8/8        EV: 22    Int: 11    God:    Okawaru [......]
Gold:   160        SH:  0    Dex: 20    Spells: 6/6 levels left

rFire   . . .        a - +2 shortbow
rCold   . . .        (shield currently unavailable)
rNeg    . . .        c - +0 robe
rPois   .            (helmet restricted)
rElec   .            (no cloak)
rCorr   .            (gloves unavailable)
SInv    +            (boots unavailable)
Will    +....        (no amulet)
Stlth   +            (no ring)
HPRegen 0.25/turn    (no ring)
MPRegen 0.11/turn

%: no passive effects
@: on fire, glowing, very quick
A: very small, no large weapons, unfitting armour, see invisible, speed 3
a: Renounce Religion


You were on level 5 of the Dungeon.
You worshipped Okawaru.
Okawaru was noncommittal.
You visited 2 branches of the dungeon, and saw 6 of its levels.

You collected 277 gold pieces.
You spent 117 gold pieces at shops.


Innate Abilities, Weirdness & Mutations

You are very small and have problems with some larger weapons.
You are too small for most types of armour.
You have supernaturally acute eyesight. (SInv)
You cover ground extremely quickly. (Speed+++)


   Skills:
 - Level 2.0 Fighting
 + Level 7.1 Ranged Weapons
 - Level 7.0 Dodging
 - Level 1.5 Stealth


You had 6 spell levels left.
You didn't know any spells.
Your spell library was empty.

Inventory:

Hand Weapons
 a - a +2 shortbow (weapon)
Armour
 c - a +0 robe (worn)
Jewellery
 f - a ring of fire
Wands
 e - a wand of polymorph (7)
Potions
 b - 2 potions of might
 i - a potion of haste

Dungeon Overview and Level Annotations

Branches:
Dungeon (5/15)             Temple (1/1) D:4

Altars:
Ashenzari
Cheibriados
Dithmenos
Fedhas
Gozag
Hepliaklqana
Kikubaaqudgha
Makhleb
Okawaru
Qazlal
Ru
Sif Muna
Trog
Vehumet
Wu Jian
Yredelemnul
Zin
The Shining One

Shops:
D:3 *

Annotations:
D:3 3 runed translucent doors, qw's ghost, amateur DEHu


Message History

The bombardier beetle sprays incendiary fluid at you.
The burning spray misses you.
You shoot an arrow. The arrow hits the iguana.
The iguana is almost dead.
The iguana hisses menacingly.
The iguana barely misses you.
You shoot an arrow. The arrow barely misses the iguana.
The bombardier beetle completely misses you.
The iguana completely misses you.
You shoot an arrow. The arrow hits the iguana.
You kill the iguana!
Okawaru accepts your kill.
The bombardier beetle completely misses you.
You shoot an arrow. The arrow hits the bombardier beetle.
The bombardier beetle is severely wounded.
You shoot an arrow.
The arrow barely misses the bombardier beetle.
The bombardier beetle misses you.
You shoot an arrow. The arrow hits the bombardier beetle.
The bombardier beetle is almost dead.
The bombardier beetle sprays incendiary fluid at you.
The burning spray hits you.
You are covered in liquid fire!
You shoot an arrow.
The arrow barely misses the bombardier beetle.
The liquid fire burns you!
You shoot an arrow. The arrow hits the bombardier beetle.
You kill the bombardier beetle!
Okawaru accepts your kill. The liquid fire burns you!
Your Dodging skill increases to level 7!
You are on fire!
The liquid fire burns you!
You are on fire!
The liquid fire burns you!
You are on fire!
The liquid fire burns you!
You are on fire!
The liquid fire burns you!
You die...

#...............#
......
#...............#
.......
#...............####.
.......
#.#....###+#.....(...
#.#....# #......... #
#....# # #.........
#....# #.##.###....
#....###....## ...
#.....@%# ..
...............
...............
........#......
........#......
.........#####+
......... .........


There were no monsters in sight!

Vanquished Creatures
  Blork the orc (D:4)
  2 scorpions
  A wight (D:4)
  2 bombardier beetles (D:5)
  A jelly (D:4)
  An orc wizard (D:4)
  An iguana (D:5)
  8 adders
  2 ufetubi (D:4)
  2 dart slugs
  3 ribbon worms
  12 orcs
  11 ball pythons
  4 bats
  10 endoplasms
  3 giant cockroaches
  14 goblins
  5 hobgoblins
  11 jackals
  5 quokkas
  A frilled lizard (D:3)
  4 kobolds
  10 rats
114 creatures vanquished.

Notes
Turn   | Place    | Note
-------+----------+-------------------------------------------
     0 | D:1      | qw the Spriggan Hunter began the quest for the Orb.
     0 | D:1      | Reached XP level 1. HP: 10/10 MP: 2/2
     0 | D:1      | 0 ||| qw: Version: 0.3-a-160-g6735b56
     0 | D:1      | 0 ||| qw: Game counter: 6306
     0 | D:1      | 0 ||| qw: Melee chars always use a shield: true
     0 | D:1      | 0 ||| qw: God list: Okawaru
     0 | D:1      | 0 ||| qw: Allow faded altars: false
     0 | D:1      | 0 ||| qw: Do Orc after clearing Dungeon:15 true
     0 | D:1      | 0 ||| qw: Do second Lair branch before Depths: true
     0 | D:1      | 0 ||| qw: Lair rune preference: random
     0 | D:1      | 0 ||| qw: Goals: Normal
     0 | D:1      | 0 ||| PLANNING D:1-11
    25 | D:1      | Found a faded altar of an unknown god.
    31 | D:1      | Reached skill level 3 in Dodging
    77 | D:1      | Reached XP level 2. HP: 14/14 MP: 3/3
   429 | D:1      | Reached XP level 3. HP: 12/18 MP: 4/4
   633 | D:1      | 633 ||| DROPPING ring of flight.
   634 | D:1      | 634 ||| READING scroll labelled VERGHAO KOVYWA.
   635 | D:1      | 635 ||| READING scroll labelled HOQUAB ESOA.
   635 | D:1      | 635 ||| ENCHANTING +0 shortbow.
   636 | D:1      | 636 ||| READING 2 scrolls labelled APNIFA DIGG.
   636 | D:1      | 636 ||| IDENTIFYING gluggy clear potion
   637 | D:1      | 637 ||| READING scroll of identify.
   637 | D:1      | 637 ||| IDENTIFYING cyan potion
   638 | D:1      | 638 ||| DROPPING scroll of butterflies.
   639 | D:1      | 639 ||| DROPPING potion of attraction.
   640 | D:1      | 640 ||| DROPPING potion of berserk rage.
   743 | D:2      | Found a hazy altar of Hepliaklqana.
  1235 | D:2      | 1235 ||| READING 2 scrolls labelled NEUHOQ GINYUVUAGGI.
  1236 | D:2      | 1236 ||| DROPPING scroll of poison.
  1238 | D:2      | 1238 ||| Stepping ~*~*~tactically~*~*~ (cloud).
  1246 | D:2      | HP: 4/18 [poisoned by you (poison gas)]
  1311 | D:3      | Found a radiant altar of Vehumet.
  1314 | D:3      | Reached XP level 4. HP: 22/22 MP: 5/5
  1443 | D:3      | Found Giwke's Assorted Antiques.
  1451 | D:3      | 1451 ||| BUYING 3 scrolls labelled KIHUUG QIECW (72 gold).
  1451 | D:3      | Bought 3 scrolls labelled KIHUUG QIECW for 72 gold pieces
  1451 | D:3      | 1451 ||| SHOPLISTING glowing wooden ring (120 gold, have
                  | 96).
  1451 | D:3      | 1451 ||| BUYING purple potion (21 gold).
  1451 | D:3      | Bought a purple potion for 21 gold pieces
  1451 | D:3      | 1451 ||| BUYING scroll labelled HIUQ VYUQEAG (24 gold).
  1451 | D:3      | Bought a scroll labelled HIUQ VYUQEAG for 24 gold pieces
  1616 | D:3      | Found a glowing golden altar of the Shining One.
  1616 | D:3      | Found a hazy altar of Hepliaklqana.
  1670 | D:3      | Identified the +4 whip of Taxation {holy, rN+}
  1814 | D:3      | Found a runed translucent gate.
  1818 | D:3      | Found a runed translucent gate.
  1818 | D:3      | Found a runed translucent gate.
  1819 | D:3      | Noticed qw's ghost (amateur DEHu)
  1819 | D:3      | Noticed a kobold brigand
  2055 | D:3      | 2055 ||| READING scroll of identify.
  2055 | D:3      | 2055 ||| IDENTIFYING purple potion
  2056 | D:3      | 2056 ||| READING 3 scrolls labelled KIHUUG QIECW.
  2157 | D:3      | 2157 ||| READING scroll labelled HIUQ VYUQEAG.
  2157 | D:3      | 2157 ||| ENCHANTING +1 shortbow.
  2158 | D:3      | 2158 ||| READING scroll labelled FONIAL ADOR.
  2159 | D:3      | 2159 ||| DRINKING 3 smoky amethyst potions.
  2160 | D:3      | 2160 ||| DRINKING 2 fizzy emerald potions.
  2161 | D:3      | 2161 ||| DRINKING 2 inky potions.
  2162 | D:3      | 2162 ||| DRINKING 2 sapphire potions.
  2163 | D:3      | 2163 ||| DRINKING potion of curing.
  2163 | D:3      | 2163 ||| (to cure confusion)
  2164 | D:3      | 2164 ||| DROPPING 2 scrolls of silence.
  2165 | D:3      | 2165 ||| DROPPING potion of ambrosia.
  2220 | D:4      | HP: 3/23 [acid (9)]
  2221 | D:4      | 2221 ||| DRINKING potion of heal wounds.
  2223 | D:4      | Reached XP level 5. HP: 26/26 MP: 6/6
  2230 | D:4      | Found a staircase to the Ecumenical Temple.
  2231 | D:4      | 2231 ||| PLANNING TEMPLE
  2231 | D:4      | 2231 ||| DRINKING 2 smoky cyan potions.
  2232 | D:4      | 2232 ||| DROPPING potion of brilliance.
  2243 | Temple   | Entered the Ecumenical Temple
  2244 | Temple   | 2244 ||| PLANNING OKAWARU WORSHIP
  2263 | Temple   | Became a worshipper of Warmaster Okawaru
  2264 | Temple   | 2264 ||| PLANNING D:1-11
  2363 | D:4      | Reached skill level 6 in Ranged Weapons
  2363 | D:4      | 2363 ||| FLEEEEING.
  2368 | D:4      | 2368 ||| FLEEEEING.
  2369 | D:4      | 2369 ||| FLEEEEING.
  2371 | D:4      | 2371 ||| FLEEEEING.
  2372 | D:4      | 2372 ||| FLEEEEING.
  2374 | D:4      | 2374 ||| FLEEEEING.
  2375 | D:4      | 2375 ||| FLEEEEING.
  2376 | D:4      | 2376 ||| FLEEEEING.
  2378 | D:4      | 2378 ||| FLEEEEING.
  2379 | D:4      | 2379 ||| FLEEEEING.
  2380 | D:4      | 2380 ||| FLEEEEING.
  2381 | D:4      | 2381 ||| FLEEEEING.
  2382 | D:4      | 2382 ||| FLEEEEING.
  2383 | D:4      | 2383 ||| FLEEEEING.
  2384 | D:4      | 2384 ||| FLEEEEING.
  2385 | D:4      | 2385 ||| FLEEEEING.
  2386 | D:4      | 2386 ||| FLEEEEING.
  2387 | D:4      | 2387 ||| FLEEEEING.
  2388 | D:4      | 2388 ||| FLEEEEING.
  2389 | D:4      | 2389 ||| FLEEEEING.
  2395 | D:4      | 2395 ||| FLEEEEING.
  2396 | D:4      | 2396 ||| FLEEEEING.
  2397 | D:4      | 2397 ||| FLEEEEING.
  2398 | D:4      | 2398 ||| FLEEEEING.
  2399 | D:4      | 2399 ||| FLEEEEING.
  2400 | D:4      | 2400 ||| STAIRDANCE
  2419 | D:3      | 2419 ||| READING scroll labelled KATTARISYMN.
  2430 | D:4      | Reached XP level 6. HP: 10/30 MP: 7/7
  2704 | D:4      | Noticed Blork the orc
  2710 | D:4      | Killed Blork the orc
  2711 | D:4      | Reached skill level 6 in Dodging
  3422 | D:4      | 3422 ||| READING scroll of identify.
  3422 | D:4      | 3422 ||| IDENTIFYING pink potion
  3423 | D:4      | 3423 ||| READING scroll labelled PEPOCY GER.
  3424 | D:4      | 3424 ||| DROPPING potion of degeneration.
  3451 | D:5      | Entered Level 5 of the Dungeon
  3452 | D:5      | 3452 ||| STAIRDANCE
  3457 | D:5      | 3457 ||| STAIRDANCE
  3477 | D:5      | 3477 ||| STAIRDANCE
  3482 | D:5      | 3482 ||| STAIRDANCE
  3484 | D:4      | HP: 7/30 [orc/+2 dagger of speed (3)]
  3485 | D:4      | 3485 ||| DRINKING potion of heal wounds.
  3558 | D:5      | 3558 ||| STAIRDANCE
  3648 | D:5      | Reached XP level 7. HP: 35/35 MP: 8/8
  3661 | D:5      | 3661 ||| READING scroll of enchant weapon.
  3661 | D:5      | 3661 ||| ENCHANTING +1 shortbow.
  3757 | D:5      | HP: 8/35 [burnt (5)]
  3759 | D:5      | Incinerated by a bombardier beetle

Levels and vault maps discovered:
D:1:      saegor_arrival_simple_e, layout_loops_ring, basic_ecumenical_altar
D:2:      layout_basic, basic_altar
D:3:      layout_basic, mainiacjoe_overflow_catwalk,
          gammafunk_temple_overflow_elements, serial_shops, shop,
          gammafunk_ghost_nasty_kobolds
D:4:      minmay_evil_eye, layout_loops_cross,
          minmay_temple_entry_gardened_gates, saegor_snake_ambush,
          uniq_blork_the_orc
D:5:      layout_basic, nemelex_spade_bored_becter, serial_shops, shop
Temple:   eino_wide_crystal_templ

Skill      XL: |  1  2  3  4  5  6  7 |
---------------+----------------------+-----
Dodging        | 3 4 5 6 7 |  7.0
Ranged Weapons | 5 6 7 |  7.1
Fighting       | 2 |  2.0
Stealth        | |  1.5

Action                     |  1- 3 |  4- 6 |  7- 9 || total
---------------------------+-------+-------+-------++-------
   Fire: Shortbow          |   119 |   193 |    27 ||   339
    Use: Scroll            |     5 |     7 |     1 ||    13
         Potion            |       |     8 |       ||     8
 Armour: Robe              |     8 |    45 |     2 ||    55
  Dodge: Dodged            |    19 |   117 |    14 ||   150

Table legend:
 A = Non-vault XP
 B = Vault XP
 C = Vault XP percentage of total XP
 D = Non-vault monster count
 E = Vault monster count
 F = Vault count percentage of total count
                 A         B        C        D         E       F
            +---------+---------+-------+---------+---------+-------
      Total |     573 |     293 |  33.8 |     104 |      10 |   8.8
            +---------+---------+-------+---------+---------+-------
        D:1 |      47 |       0 |   0.0 |      27 |       0 |   0.0
        D:2 |      49 |       0 |   0.0 |      20 |       0 |   0.0
        D:3 |      67 |       0 |   0.0 |      22 |       0 |   0.0
        D:4 |     193 |     293 |  60.3 |      30 |      10 |  25.0
        D:5 |     217 |       0 |   0.0 |       5 |       0 |   0.0
            +---------+---------+-------+---------+---------+-------
